 Dungeon Crawl Stone Soup version 0.29.1-1-gd02db6906a (webtiles) character file.

Game seed: 4543394300319527194

20 gelatine the Stinger (level 2, 0/19 HPs)
             Began as a Demonspawn Venom Mage on Sept 17, 2022.
             Succumbed to an adder's poison
             ... on level 2 of the Dungeon.
             The game lasted 00:02:47 (1085 turns).

gelatine the Stinger (Demonspawn Venom Mage)        Turns: 1085, Time: 00:02:47

Health: 0/19       AC:  3    Str:  8    XL:     2   Next: 58%
Magic:  0/5        EV: 12    Int: 16    God:
Gold:   14         SH:  4    Dex: 13    Spells: 4/5 levels left

rFire   . . .      SeeInvis .   g - +0 dagger
rCold   . . .      Faith    .   (no shield)
rNeg    . . .      Spirit   .   a - +0 robe
rPois   .          Reflect  .   (no helmet)
rElec   .          Harm     .   (no cloak)
rCorr   .          Rampage  .   (no gloves)
Will    .....                   h - +0 pair of boots
Stlth   ++........              (no amulet)
HPRegen 0.06/turn               (no ring)
MPRegen 0.09/turn               (no ring)

@: lethally poisoned (0 -> -1), very slightly contaminated
A: condensation shield
a: no special abilities


You were on level 2 of the Dungeon.
You visited 1 branch of the dungeon, and saw 2 of its levels.

You collected 38 gold pieces.
You spent 24 gold pieces at shops.

Inventory:

Hand Weapons
 g - a +0 dagger (weapon)
Armour
 a - a +0 robe (worn)
 h - a +0 pair of boots (worn)
Scrolls
 d - 2 scrolls of teleportation
 f - a scroll of fog {unknown}
Potions
 b - 2 potions of magic
 c - a potion of invisibility {unknown}
 e - 3 potions of curing
 i - a potion of heal wounds {unknown}


   Skills:
 + Level 1.8 Dodging
 + Level 2.0 Stealth
 + Level 2.3 Spellcasting
 + Level 1.3 Transmutations
 + Level 3.3 Poison Magic


You had 4 spell levels left.
You knew the following spells:

 Your Spells              Type           Power      Damage    Failure   Level
a - Sting                 Tmut/Pois      36%        1d4       8%          1

Your spell library contained the following spells:

 Spells                   Type           Power      Damage    Failure   Level
 Poisonous Vapours        Pois/Air       14%        N/A       16%         2
 Scorch                   Fire           2%         2d5       30%         2
 Mephitic Cloud           Conj/Pois/Air  5%         N/A       36%         3
 Olgreb's Toxic Radiance  Pois           12%        N/A       45%         4
 Animate Dead             Necr           1%         N/A       90%         4
 Flame Wave               Conj/Fire      1%         2d4       90%         4
 Summon Cactus Giant      Summ           0%         N/A       100%        6
 Haunt                    Necr/Summ      0%         N/A       100%        7
 Infestation              Necr           0%         N/A       100%        8


Dungeon Overview and Level Annotations

Branches:
Dungeon (2/15)

Altars:

Shops:
D:1 *

Annotations:
D:2 Natasha


Innate Abilities, Weirdness & Mutations

A meltable shield of frost defends you. (SH +4)


Message History

Natasha, Servant of Life and Death comes into view.
The sting hits the adder.
The adder is poisoned.
The adder is moderately wounded.
The sting misses the adder.
The sting misses Natasha.
The adder barely misses you.
Natasha mumbles some strange words.
The sting hits the adder.
The adder looks even sicker.
The adder is severely wounded.
The adder bites you.
You are poisoned.
The adder poisons you! The adder closely misses you.
The white imp gestures at you. The puff of frost misses you.
You miscast Sting.
You are very lightly contaminated with residual magic.
Nothing appears to happen.
You feel sick.
You kill the adder!
Natasha mumbles some strange words.
Natasha's front paws start to glow.
Natasha barely misses you.
The white imp hits you but does no damage.
Your Stealth skill increases to level 2!
The sting hits Natasha but does no damage.
Natasha is poisoned.
You feel sick. The white imp gestures at you. The puff of frost hits you!
Natasha casts a spell.
You hit Natasha.
Natasha is lightly wounded.
You feel sick. The white imp barely misses you. You block Natasha's attack.
You hit Natasha.
Natasha is heavily wounded.
You feel sick.
The crimson imp blinks!
The white imp gestures at you. The puff of frost misses you. Natasha claws you.
* * * LOW HITPOINT WARNING * * *
Unknown command.
You barely miss Natasha.
Natasha is severely wounded.
You die...

#.# ##.# #..#
#.#####...
####.........
#...........#
###.#>........#
#...#...#......
#.#@....#.##...
#.#h5...#+# ..
# #.ยง...... .
#.....5..
#........
.........
#....?###
#####.#


You could see Natasha (poisoned), a crimson imp (summoned) and a white imp
(summoned).

Vanquished Creatures
  An adder (D:2)
  2 endoplasms (D:1)
  3 goblins (D:1)
  A quokka (D:1)
  2 bats (D:1)
  A kobold (D:1)
  3 rats (D:1)
13 creatures vanquished.

Notes
Turn   | Place    | Note
-------+----------+-------------------------------------------
     0 | D:1      | gelatine the Demonspawn Venom Mage began the quest for the
                  | Orb.
     0 | D:1      | Reached XP level 1. HP: 13/13 MP: 3/3
   119 | D:1      | Reached skill level 1 in Transmutations
   351 | D:1      | Found Qihywk's General Store.
   411 | D:1      | Bought a scroll of identify for 24 gold pieces
   544 | D:1      | Gained mutation: A meltable shield of frost defends you.
                  | (SH +4) [demonic ancestry]
   544 | D:1      | Reached XP level 2. HP: 19/19 MP: 1/5
  1076 | D:2      | Noticed Natasha
  1083 | D:2      | Noticed a crimson imp
  1085 | D:2      | Succumbed to an adder's poison

Illustrated notes

Levels and vault maps discovered:
D:1:      lightli_iron_boxes, layout_loops_ring, serial_shops, shop
D:2:      layout_basic, basic_ecumenical_altar, uniq_natasha

Skill      XL: |  1  2 |
---------------+-------+-----
Transmutations | 1 |  1.3
Stealth        | 2 |  2.0
Dodging        | |  1.8
Spellcasting   | |  2.3
Poison Magic   | |  3.3

Action                   || total
-------------------------++-------
Melee: Dagger            ||     3
 Cast: Sting             ||    25
  Use: Scroll            ||     2
Armor: Robe              ||     2
Dodge: Dodged            ||     7
Block: Other             ||     1
